 Dungeon Crawl Stone Soup version 0.18.1-6-gd335043 (webtiles) character file.

88 Jerry the Conjurer (level 4, 0/33 HPs)
             Began as a Draconian Wizard on May 18, 2016.
             Killed by nerve-wracking pain
             ... invoked by Jessica
              (14 damage)
             ... on level 2 of the Dungeon.
             The game lasted 00:10:15 (2462 turns).

Jerry the Conjurer (Draconian Wizard)               Turns: 2462, Time: 00:10:15

Health: 0/33       AC:  6    Str: 10    XL:     4   Next: 30%
Magic:  8/8        EV: 12    Int: 19    God:
Gold:   27         SH:  0    Dex:  9    Spells: 3 memorised, 2 levels left

rFire  . . .     SeeInvis .     g - +0 short sword
rCold  . . .     Gourm    .     (armour unavailable)
rNeg   . . .     Faith    .     (no shield)
rPois  .         Spirit   .     a - +0 hat
rElec  .         Dismiss  .     (no cloak)
rCorr  .         Reflect  .     (no gloves)
SustAt .         Harm     .     k - +0 pair of boots
MR     .....                    (no amulet)
Stlth  +.........               (no ring)
                                (no ring)

@: not resistant to hostile enchantments, very unstealthy
A: unfitting armour, cold-blooded, AC +5
a: no special abilities


You were on level 2 of the Dungeon.
You were not hungry.

You visited 1 branch of the dungeon, and saw 2 of its levels.

You collected 27 gold pieces.

Inventory:

Hand Weapons
 g - a +0 short sword (weapon)
Armour
 a - a +0 hat (worn)
 k - a +0 pair of boots (worn)
Scrolls
 j - 2 scrolls of identify {unknown}
Potions
 d - a potion of agility {unknown}
 e - 2 potions of invisibility {unknown}
 i - a potion of flight {unknown}
 l - a potion of cancellation {unknown}
Books
 b - a book of Minor Magic

   Spells                             Type                      Level
   a - Magic Dart                     Conjuration                  1
   b - Blink                          Translocation                2
   c - Call Imp                       Summoning                    2
   d - Repel Missiles                 Charms/Air                   2
   e - Slow                           Hexes                        2
   f - Conjure Flame                  Conjuration/Fire             3
   g - Mephitic Cloud                 Conjuration/Poison/Air       3
Comestibles
 c - 2 bread rations
 f - a slice of pizza
 h - a meat ration


   Skills:
 - Level 1.7 Dodging
 - Level 1.7 Stealth
 - Level 3.0 Spellcasting
 - Level 4.2 Conjurations
   Level 1.0 Summonings
   Level 1.0 Translocations
 + Level 0.0 Fire Magic


You had 2 spell levels left.
You knew the following spells:

 Your Spells              Type           Power        Failure   Level  Hunger
a - Magic Dart            Conj           ###.         3%          1    None
b - Conjure Flame         Conj/Fire      ##......     21%         3    ###....
c - Mephitic Cloud        Conj/Pois/Air  #.......     28%         3    ###....


Dungeon Overview and Level Annotations

Branches:
Dungeon (2/15)

Altars:
Cheibriados

Annotations:
D:2 Jessica


Innate Abilities, Weirdness & Mutations

Your plain brown scales are hard (AC +5).
Your body does not fit into most forms of armour.
You are cold-blooded and may be slowed by cold attacks.


Message History

You hit Jessica but do no damage.
Jessica is severely wounded.
Jessica hits you with a dagger of protection.
You closely miss Jessica.
Jessica is severely wounded.
Jessica closely misses you.
You barely miss Jessica.
You tail-slap Jessica, but do no damage.
Jessica is severely wounded.
Jessica hits you with a dagger of protection.
You closely miss Jessica.
Jessica is severely wounded.
Jessica gestures wildly while chanting.
Jessica seems to speed up.
You closely miss Jessica.
Jessica is severely wounded.
Jessica hits you with a dagger of protection.
Jessica gestures at you while chanting. Pain shoots through your body!
You die...

####### ## #.....# ..
#.###.#
#####.#######.###.#
+............K@@.>#######
######.####.#.#.#.......#
#. #.#.#.#.#####.#
#@K....#.#.#.......#
#.@.##.#.#.#########
#...##.#......#
.....######.##.# ####.#
#.##.# ##.## #.##.#


You could see Jessica and a kobold.

Vanquished Creatures
  Ijyb (D:2)
  An adder (D:2)
  2 oozes
  A worm (D:2)
  2 dart slugs (D:1)
  A giant gecko (D:2)
  A ball python (D:1)
  2 giant cockroaches (D:2)
  3 goblins (D:1)
  3 hobgoblins
  3 jackals (D:1)
  4 kobolds
  7 bats
  3 giant newts
  4 rats
38 creatures vanquished.

Notes
Turn   | Place    | Note
--------------------------------------------------------------
     0 | D:1      | Jerry the Draconian Wizard began the quest for the Orb.
     0 | D:1      | Reached XP level 1. HP: 14/14 MP: 4/4
   264 | D:1      | Reached skill level 2 in Conjurations
   274 | D:1      | Reached XP level 2. HP: 5/20 MP: 1/6
   912 | D:1      | Reached skill level 3 in Conjurations
   929 | D:1      | Reached XP level 3. HP: 26/26 MP: 7/7
   934 | D:1      | Learned a level 3 spell: Conjure Flame
  1592 | D:2      | Found a snail-covered altar of Cheibriados.
  1659 | D:2      | Noticed Jessica
  2279 | D:2      | Noticed Ijyb
  2308 | D:2      | Killed Ijyb
  2308 | D:2      | Reached skill level 4 in Conjurations
  2308 | D:2      | Reached XP level 4. HP: 30/33 MP: 1/8
  2376 | D:2      | Learned a level 3 spell: Mephitic Cloud
  2462 | D:2      | Killed from afar by Jessica

Skill      XL: |  1  2  3 |
---------------+----------+-----
Conjurations   | 2 3 4 |  4.2
Dodging        | |  1.7
Stealth        | |  1.7
Spellcasting   | |  3.0
Summonings     | |  1.0
Translocations | |  1.0

Action                   |  1- 3 |  4- 6 || total
-------------------------+-------+-------++-------
Melee: Unarmed           |    36 |       ||    36
       Tailslap          |    11 |     2 ||    13
       Short sword       |    98 |    14 ||   112
 Cast: Magic Dart        |    59 |       ||    59
 Stab: Sleeping          |     2 |       ||     2
  Eat: Chunk             |     4 |     1 ||     5
Armor: Skin              |    87 |     2 ||    89
Dodge: Dodged            |   106 |     7 ||   113
